 Dungeon Crawl Stone Soup version 0.20.1-1-g8b1a95d (webtiles) character file.

2972 Osysix the Cleaver (level 9, -5/71 HPs)
             Began as a Minotaur Berserker on Aug 31, 2017.
             Was a Priest of Trog.
             Slain by an orc warrior
             ... wielding a +0 halberd
              (19 damage)
             ... on level 7 of the Dungeon.
             The game lasted 01:12:41 (7558 turns).

Osysix the Cleaver (Minotaur Berserker)             Turns: 7558, Time: 01:12:45

Health: -5/71      AC:  9    Str: 25      XL:     9   Next: 53%
Magic:  8/8        EV:  8    Int:  4      God:    Trog [***...]
Gold:   343        SH:  0    Dex:  7 (10) Spells: 8/8 levels left

rFire    . . .     SeeInvis .   s - +0 war axe
rCold    + . .     Gourm    +   (no shield)
rNeg     + . .     Faith    .   q - +0 chain mail
rPois    .         Spirit   .   (helmet restricted)
rElec    .         Reflect  .   (no cloak)
rCorr    .         Harm     .   B - +0 pair of gloves
MR       .....                  (no boots)
Stlth    ..........             x - amulet of the gourmand
Regen    0.3/turn               g - ring of positive energy
MPRegen  0.2/turn               o - ring of protection from cold (curse)

@: no status effects
A: retaliatory headbutt, horns 2
a: Berserk, Trog's Hand, Burn Spellbooks, Renounce Religion


You were on level 7 of the Dungeon.
You worshipped Trog.
Trog was most pleased with you.
You were full.

You visited 1 branch of the dungeon, and saw 7 of its levels.

You collected 343 gold pieces.

Inventory:

Hand Weapons
 s - a +0 war axe (weapon)
Missiles
 d - 334 stones (quivered)
Armour
 q - a +0 chain mail (worn)
 B - a +0 pair of gloves (worn)
Jewellery
 g - a ring of positive energy (left hand)
 o - a cursed ring of protection from cold (right hand)
 x - an amulet of the gourmand (around neck)
Wands
 b - a wand of lightning (9/15)
 t - a wand of lightning (5/15)
 v - a wand of polymorph (12/24)
 y - a wand of lightning (8/15)
Scrolls
 a - 2 scrolls of enchant weapon
 j - 4 scrolls of remove curse
 k - 5 scrolls of teleportation
 l - 3 scrolls of immolation
 w - a scroll of blinking {unknown}
 A - a scroll of noise {unknown}
 E - a scroll of identify
Potions
 e - 2 potions of lignification
 f - a potion of mutation
 h - a potion of heal wounds
 m - a potion of berserk rage
 p - a potion of curing
 r - a potion of magic {unknown}
 u - a potion of invisibility {unknown}
 C - a potion of resistance {unknown}
Books
 i - a book of Cantrips

   Spells                             Type                      Level
   a - Confusing Touch                Hexes                        1
   b - Animate Skeleton               Necromancy                   1
   c - Summon Small Mammal            Summoning                    1
   d - Apportation                    Translocation                1
   Trog disapproves of the use of such an item.
Comestibles
 c - 3 bread rations
 n - 3 meat rations
 z - 3 fruits
 F - a royal jelly


   Skills:
 - Level 3.9 Fighting
 * Level 13.0 Axes
 + Level 7.4 Throwing
 - Level 2.4 Armour
 - Level 2.1 Dodging


You had 8 spell levels left.
You didn't know any spells.

Dungeon Overview and Level Annotations

Branches:
Dungeon (7/15)             Temple (0/1) D:7

Altars:
Qazlal
Ru
Uskayaw
Xom
Yredelemnul


Innate Abilities, Weirdness & Mutations

You reflexively headbutt those who attack you in melee.
You have a pair of horns on your head.


Message History

Something hits you but does no damage.
Deactivating autopickup; reactivate with Ctrl-A.
Throwing (i - inventory):
d - 336 stones (quivered)
Press: ? - help, Shift-Dir - straight line, f/p - orc warrior
Aim: an orc warrior, wielding a halberd and wearing a plate armour (lightly wounded)
You throw a stone.
The stone closely misses the orc warrior.
The orc warrior barely misses you. Something hits you but does no damage.
Throwing (i - inventory):
d - 335 stones (quivered)
Press: ? - help, Shift-Dir - straight line, f/p - orc warrior
Aim: an orc warrior, wielding a halberd and wearing a plate armour (lightly wounded)
You throw a stone.
The stone barely misses the orc warrior.
You barely miss something. You headbutt something! Trog accepts your kill.
Trog appreciates your killing of a magic user.
Reactivating autopickup.
You feel a bit more experienced.
The orc warrior hits you from afar with a halberd!!
You die...

##....# #..##...####..#.......
#.....###.###...####.######...
###....#..##.........# #... ##
##..(..###........## #... .##
###..##.............## #...
#.###...####......##.....#####...
#....(..# ##..#.#####......##....
#.#####.###[.##..####..###...####
.## #....#..#..@)##[.###.((. # .#
##.......#..#)o.)...(..(. ##
##..###.....####.(.((..(#.
###...####...## ##.####.##
#..##...###..# #.## #
##.####..##### ##.## ### ##...#
##.# #.#### ### ###


You could see an orc warrior.

Vanquished Creatures
  Pikel (D:6)
  The ghost of kalagan the Caller, a novice KoSu (D:5)
  Grinder (D:6)
  Duvessa (D:4)
  A slave (D:6)
  3 ogres
  A centaur (D:5)
  The ghost of Sandy the Shooter, an amateur HuHu (D:3)
  A bullfrog (D:7)
  A scorpion (D:6)
  Dowan (D:4)
  A water moccasin skeleton (D:7)
  A wyvern skeleton (D:6)
  2 howler monkeys
  3 crimson imps
  4 hounds
  A quasit (D:7)
  4 jellies
  3 orc priests
  A centaur skeleton (D:6)
  6 iguanas
  5 orc wizards
  5 worker ants
  Terence (D:2)
  A worker ant zombie (D:7)
  5 gnolls
  10 adders
  An ooze (D:5)
  5 worms
  4 leopard geckos
  14 orcs
  10 giant cockroaches
  7 goblins
  6 hobgoblins
  14 jackals
  3 kobolds
  6 bats
  2 frilled lizards
  A leopard gecko skeleton (D:4)
  A quokka skeleton (D:4)
  4 rats
  2 fungi (D:1)
  2 withered plants (D:6)
148 creatures vanquished.

Notes
Turn   | Place    | Note
-------+----------+-------------------------------------------
     0 | D:1      | Osysix the Minotaur Berserker began the quest for the Orb.
     0 | D:1      | Reached XP level 1. HP: 19/19 MP: 0/0
   317 | D:1      | Reached skill level 4 in Axes
   335 | D:1      | Reached XP level 2. HP: 26/27 MP: 1/1
   957 | D:2      | Reached XP level 3. HP: 33/33 MP: 2/2
   998 | D:2      | Reached skill level 5 in Axes
  1178 | D:2      | Noticed Terence
  1185 | D:2      | Killed Terence
  1185 | D:2      | Reached skill level 1 in Throwing
  2081 | D:2      | Reached XP level 4. HP: 29/40 MP: 3/3
  2472 | D:3      | Reached ** piety under Trog
  2625 | D:3      | Noticed Sandy's ghost (amateur HuHu)
  2641 | D:3      | Killed Sandy's ghost
  2641 | D:3      | Reached skill level 6 in Axes
  2641 | D:3      | Reached XP level 5. HP: 46/46 MP: 4/4
  3415 | D:4      | Reached skill level 7 in Axes
  3482 | D:4      | Reached XP level 6. HP: 42/52 MP: 5/5
  3692 | D:4      | Noticed Dowan
  3693 | D:4      | Noticed Duvessa
  3697 | D:4      | Killed Dowan
  3697 | D:4      | Reached skill level 8 in Axes
  3701 | D:4      | Killed Duvessa
  3701 | D:4      | Reached XP level 7. HP: 58/58 MP: 6/6
  3765 | D:4      | Found a stormy altar of Qazlal.
  3765 | D:4      | Found a hide-covered altar of Uskayaw.
  3902 | D:4      | Reached skill level 9 in Axes
  3993 | D:5      | Entered Level 5 of the Dungeon
  4074 | D:5      | Found a shimmering altar of Xom.
  4110 | D:5      | Noticed kalagan's ghost (novice KoSu)
  4125 | D:5      | Killed kalagan's ghost
  4125 | D:5      | Reached skill level 10 in Axes
  4125 | D:5      | Reached skill level 5 in Throwing
  4125 | D:5      | Reached XP level 8. HP: 66/66 MP: 7/7
  4417 | D:5      | Reached *** piety under Trog
  4454 | D:5      | Found a sacrificial altar of Ru.
  5019 | D:6      | Reached skill level 11 in Axes
  5193 | D:6      | Found a basalt altar of Yredelemnul.
  5205 | D:6      | Received a gift from Trog
  5350 | D:6      | Noticed Pikel
  5687 | D:6      | Reached XP level 9. HP: 64/71 MP: 8/8
  5700 | D:6      | Killed Pikel
  5700 | D:6      | Reached skill level 12 in Axes
  5780 | D:6      | Noticed Grinder
  5785 | D:6      | Killed Grinder
  6569 | D:7      | Found a staircase to the Ecumenical Temple.
  7327 | D:7      | Reached skill level 13 in Axes
  7558 | D:7      | Slain by an orc warrior

Skill      XL: |  1  2  3  4  5  6  7  8  9 |
---------------+----------------------------+-----
Axes           | 4 5 6 7 8 10 11 13 | 13.0
Throwing       | 1 2 3 5 6 7 |  7.4
Fighting       | |  3.9
Armour         | |  2.4
Dodging        | |  2.1

Action                   |  1- 3 |  4- 6 |  7- 9 || total
-------------------------+-------+-------+-------++-------
Melee: Hand axe          |    61 |    83 |       ||   144
       Headbutt          |     7 |    12 |    38 ||    57
       War axe           |       |    11 |   227 ||   238
Throw: Stone             |    31 |    62 |   104 ||   197
Invok: Berserk           |     2 |     4 |     8 ||    14
       Trog's Hand       |       |     2 |     2 ||     4
       Burn Spellbooks   |       |       |     1 ||     1
  Use: Scroll            |     7 |     6 |     3 ||    16
       Potion            |       |       |     2 ||     2
  Eat: Bread ration      |     2 |       |       ||     2
       Chunk             |       |     5 |    39 ||    44
       Meat ration       |       |       |     1 ||     1
Armor: Ring mail         |     9 |     9 |       ||    18
       Chain mail        |       |    11 |   124 ||   135
Dodge: Dodged            |    19 |    41 |    98 ||   158
